 Dungeon Crawl Stone Soup version 0.23-a0-139-ga22e90c (webtiles) character file.

134 EvilAliv3 the Cutter (level 5, -5/36 HPs)
             Began as a Halfling Abyssal Knight on Aug 30, 2018.
             Was a Believer of Lugonu.
             Killed by divine providence
             ... invoked by an orc priest
              (14 damage)
             ... on level 3 of the Dungeon.
             The game lasted 00:23:02 (2689 turns).

EvilAliv3 the Cutter (Halfling Abyssal Knight)      Turns: 2689, Time: 00:23:03

Health: -5/36      AC:  6    Str: 14    XL:     5   Next: 40%
Magic:  7/7        EV: 14    Int: 10    God:    Lugonu [**....]
Gold:   177        SH:  5    Dex: 14    Spells: 4/4 levels left

rFire    . . .     SeeInvis .   p - +0 short sword
rCold    . . .     Gourm    .   l - +0 buckler
rNeg     . . .     Faith    .   s - +3 leather armour
rPois    .         Spirit   .   (no helmet)
rElec    .         Reflect  .   (no cloak)
rCorr    .         Harm     .   (no gloves)
MR       +....                  (no boots)
Stlth    ++........             (no amulet)
HPRegen  0.12/turn              g - ring of protection from magic
MPRegen  0.10/turn              (no ring)

@: lethally poisoned (-5 -> -18)
A: small, mutation resistance 1
a: Depart the Abyss, Bend Space, Renounce Religion


You were on level 3 of the Dungeon.
You worshipped Lugonu.
Lugonu was pleased with you.
You were not hungry.

You visited 1 branch of the dungeon, and saw 3 of its levels.
You visited the Abyss 1 time.

You collected 177 gold pieces.

Inventory:

Hand Weapons
 a - a +1 short sword
 b - a +0 hunting sling
 h - a +0 hunting sling
 p - a +0 short sword (weapon)
Missiles
 d - 58 sling bullets
 n - 48 stones (quivered)
Armour
 l - a +0 buckler (worn)
 s - a +3 leather armour (worn)
Jewellery
 g - a ring of protection from magic (left hand)
Scrolls
 e - a scroll of fear {unknown}
 i - a scroll of amnesia {unknown}
 k - 2 scrolls of remove curse
 m - a scroll of identify
 t - 2 scrolls of teleportation {unknown}
 w - a scroll of magic mapping {unknown}
Potions
 f - a potion of lignification {unknown}
 j - a potion of brilliance
 o - a potion of might {unknown}
 q - a potion of heal wounds {unknown}
 r - a potion of cancellation {unknown}
 u - a potion of agility
Comestibles
 c - 11 rations
 v - 6 chunks of flesh


   Skills:
 + Level 3.0 Fighting
 * Level 3.3 Short Blades
 + Level 1.2 Slings
 + Level 2.8 Armour
 - Level 2.0 Dodging
 + Level 1.8 Stealth
 + Level 1.2 Shields
 + Level 2.9 Invocations


You had 4 spell levels left.
You didn't know any spells.
Your spell library was empty.

Dungeon Overview and Level Annotations

Branches:
Dungeon (3/15)

Altars:
Ashenzari
Gozag
Wu Jian
Yredelemnul
Zin


Innate Abilities, Weirdness & Mutations

You are small and have problems with some larger weapons.
You are somewhat resistant to further mutation.


Message History

You feel sick. The orc priest barely misses you.
You hit the orc priest.
The orc priest is severely wounded.
You feel sick.
The orc priest hits you but does no damage.
You are lethally poisoned!
You hit the orc priest.
The orc priest is almost dead.
You feel sick. The orc priest misses you.
You hit the orc priest but do no damage.
The orc priest is almost dead.
* * * LOW HITPOINT WARNING * * *
You feel sick. The orc priest barely misses you.
You hit the orc priest.
The orc priest is almost dead.
* * * LOW HITPOINT WARNING * * *
You feel sick.
The orc priest calls down the wrath of Beogh upon you.
Beogh smites you!
You die...

##.##.# #.#.##
##?...?..## ## #.#
...## ##....... #.#
#...# ##...#.## #.#
#.#.# #####'##.# #.#
#. .# #.. ... .# #.#
#. .# #.###.#..##.
#.# .. .#
#.###.#..... #.#
#.########.##......#.
#.#
#..o@.........<......
#.#
##########.##....#.##
#####.# #.###.#.#
......# #.......#
####### #########


You could see an orc priest.

Vanquished Creatures
  Jessica (D:2)
  3 adders (D:2)
  2 worms (D:2)
  2 dart slugs
  A leopard gecko (D:2)
  7 orcs
  2 ball pythons
  4 giant cockroaches
  12 goblins
  7 hobgoblins
  7 kobolds
  A quokka (D:3)
  4 bats
  2 frilled lizards (D:1)
  4 rats
  A spectral orc (D:2)
60 creatures vanquished.

Notes
Turn   | Place    | Note
-------+----------+-------------------------------------------
     0 | Abyss:1  | EvilAliv3 the Halfling Abyssal Knight began the quest for
                  | the Orb.
     0 | Abyss:1  | Reached XP level 1. HP: 15/15 MP: 2/2
    44 | Abyss:1  | Noticed a small abomination
    46 | D:1      | Escaped the Abyss
   102 | D:1      | Reached XP level 2. HP: 13/20 MP: 3/3
   361 | D:1      | Reached * piety under Lugonu
   586 | D:1      | Reached XP level 3. HP: 24/25 MP: 4/4
   629 | D:1      | Reached skill level 1 in Stealth
   829 | D:2      | Found a shattered altar of Ashenzari.
   834 | D:2      | Found a glowing silver altar of Zin.
   858 | D:2      | Found an opulent altar of Gozag.
   870 | D:2      | Found an ornate altar of the Wu Jian Council.
   902 | D:2      | Noticed Jessica
   929 | D:2      | Killed Jessica
   929 | D:2      | Reached skill level 1 in Shields
   929 | D:2      | Reached XP level 4. HP: 22/30 MP: 5/5
  1119 | D:2      | Found a basalt altar of Yredelemnul.
  1402 | D:2      | Reached skill level 1 in Slings
  1421 | D:2      | Reached XP level 5. HP: 19/36 MP: 7/7
  2194 | D:3      | Reached ** piety under Lugonu
  2689 | D:3      | Killed from afar by an orc priest

Vault maps used:
D:1:      minmay_arrival_cross
D:2:      yredelemnul_forgotten_temple_becter, overflow_temple_1_default,
          grunt_temple_overflow_open, uniq_jessica
D:3:      first_ration, cheibriados_altar_1

Skill      XL: |  1  2  3  4 |
---------------+-------------+-----
Stealth        | 1 |  1.8
Short Blades   | 3 |  3.3
Shields        | 1 |  1.2
Dodging        | 2 |  2.0
Slings         | 1 |  1.2
Fighting       | 3 |  3.0
Armour         | |  2.8
Invocations    | |  2.9

Action                   |  1- 3 |  4- 6 || total
-------------------------+-------+-------++-------
Melee: Short sword       |    97 |   159 ||   256
Invok: Depart the Abyss  |     1 |       ||     1
  Use: Scroll            |       |     2 ||     2
 Stab: Sleeping          |     1 |     1 ||     2
       Distracted        |     1 |       ||     1
  Eat: Chunk             |       |     6 ||     6
Armor: Leather armour    |    14 |    15 ||    29
       Ring mail         |       |     3 ||     3
Dodge: Dodged            |    39 |    60 ||    99
Block: Buckler           |    14 |    21 ||    35

Table legend:
 A = Non-vault XP
 B = Vault XP
 C = Vault XP percentage of total XP
 D = Non-vault monster count
 E = Vault monster count
 F = Vault count percentage of total count
                 A         B        C        D         E       F
            +---------+---------+-------+---------+---------+-------
      Total |     154 |      38 |  19.8 |      58 |       2 |   3.3
            +---------+---------+-------+---------+---------+-------
        D:1 |      35 |       0 |   0.0 |      20 |       0 |   0.0
        D:2 |      88 |      38 |  30.2 |      24 |       2 |   7.7
        D:3 |      31 |       0 |   0.0 |      14 |       0 |   0.0
            +---------+---------+-------+---------+---------+-------
